Construct Section Command Post
Selects Heavy Armor Battlegroup
Selects Light Vehicle Withdraw and Refit
Light Vehicle Withdraw and Refit
Construct Platoon Command Post
Light Vehicle Withdraw and Refit
Light Vehicle Withdraw and Refit
Selects Rigorous Vehicle Training
Selects Forward Repair Assembly
6-pounder Anti-tank Gun Team
Unlock Bishop Self-propelled Artillery
Selects Designate Targets
Bishop Self-propelled Artillery
Bishop Self-propelled Artillery
Bishop Self-propelled Artillery
Construct Company Command Post
Selects Churchill Black Prince Heavy Tank
Churchill Black Prince Heavy Tank
Bishop Self-propelled Artillery
Bishop Self-propelled Artillery
Bishop Self-propelled Artillery
Bishop Self-propelled Artillery
Churchill Black Prince Heavy Tank